 Dungeon Crawl Stone Soup version 0.28-a0-1234-g826d19b2e0 (webtiles) character file.

Game seed: 17256440771714704126

1880 Urgle the Covered (level 8, -2/61 (64) HPs)
             Began as a Demonspawn Berserker on Dec 23, 2021.
             Was a Believer of Trog.
             Slain by a wight (6 damage)
             ... on level 6 of the Dungeon.
             The game lasted 00:22:16 (5613 turns).

Urgle the Covered (Demonspawn Berserker)            Turns: 5613, Time: 00:22:17

HP:   -2/61 (64)    AC: 14    Str: 19    XL:     8   Next: 91%
MP:   8/8           EV:  8    Int:  9    God:    Trog [**....]
Gold: 194           SH:  0    Dex: 13    Spells: 7/7 levels left

rFire   . . .      SeeInvis .   r - +4 battleaxe
rCold   . . .      Faith    .   (shield currently unavailable)
rNeg    . . .      Spirit   .   q - +0 chain mail
rPois   .          Reflect  .   (helmet restricted)
rElec   +          Harm     .   m - +2 cloak
rCorr   .          Rampage  .   (no gloves)
Will    .....                   (no boots)
Stlth   ..........              (no amulet)
HPRegen 0.20/turn               (no ring)
MPRegen 0.11/turn               (no ring)

@: on berserk cooldown, slowed, lightly drained, very slow
A: antennae 1, claws 2, powered by pain 1, spiny 1, weakness stinger 1, mutation
resistance 1, electricity resistance
a: Renounce Religion, Berserk, Trog's Hand


You were on level 6 of the Dungeon.
You worshipped Trog.
Trog was pleased with you.
You visited 1 branch of the dungeon, and saw 6 of its levels.

You collected 246 gold pieces.
You spent 52 gold pieces at shops.

Inventory:

Hand Weapons
 j - a +2 hand axe of freezing
 r - a +4 battleaxe (weapon)
Missiles
 a - 6 javelins (quivered)
 n - 9 bolts
Armour
 m - a +2 cloak (worn)
 q - a +0 chain mail (worn)
Jewellery
 d - a ring of flight
Wands
 o - a wand of polymorph (5)
Scrolls
 k - a scroll of blinking
 l - a scroll of fear {unknown}
 s - a scroll of immolation {unknown}
 t - 2 scrolls of identify
Potions
 b - a potion of lignification {unknown}
 c - a potion of ambrosia {unknown}
 e - 2 potions of might
 f - 2 potions of cancellation
 g - a potion of flight
 p - a potion of haste {unknown}
 u - a potion of heal wounds {unknown}


   Skills:
 - Level 6.0 Fighting
 - Level 6.1 Axes
 + Level 7.9 Armour
 - Level 1.8 Dodging


You had 7 spell levels left.
You didn't know any spells.
Your spell library contained the following spells:

 Spells                   Type           Power      Damage    Failure   Level
 Ensorcelled Hibernation  Hex/Ice        0%         N/A       99%         2
 Spider Form              Tmut/Pois      0%         N/A       100%        3


Dungeon Overview and Level Annotations

Branches:
Dungeon (6/15)             Temple (0/1) D:5

Altars:
Zin

Shops:
D:3 ?   D:4 (


Innate Abilities, Weirdness & Mutations

You have a pair of small antennae on your head.
You have very sharp fingernails.
You sometimes gain a little power by taking damage.
You are partially covered in sharp spines.
You have a small tail.
You are somewhat resistant to further mutation.
You are resistant to electric shocks. (rElec)


Message History

You kill the yak!
Trog accepts your kill.
You barely miss the yak. The yak gores you.
Unknown command.
You slice the yak!!
The yak is almost dead.
You closely miss the wight.
You are no longer berserk.
You are exhausted.
You feel yourself slow down. The wight hits you with a +0 falchion.
You feel drained. The yak is struck by your spines.
You kill the yak!
Trog accepts your kill.
Your life force feels restored.
You slash the wight!
The wight is heavily damaged.
The wight hits you with a +0 falchion. The wight is struck by your spines.
The wight hits you with a +0 falchion.
You completely miss the wight.
The wight is severely damaged.
The wight hits you with a +0 falchion.
* * * LOW HITPOINT WARNING * * *
The wight hits you with a +0 falchion.
* * * LOW HITPOINT WARNING * * *
You feel drained.
* * * LOW HITPOINT WARNING * * *
The wight is struck by your spines. The wight hits you with a +0 flail.
* * * LOW HITPOINT WARNING * * *
You feel drained.
Okay, then.
You feel better. The wight hits you but does no damage.
The wight closely misses you. The wight hits you with a +0 falchion!
* * * LOW HITPOINT WARNING * * *
It was a potion of mutation.
You feel extremely strange.
You feel genetically stable.
You feel insulated. The wight hits you but does no damage.
The wight hits you with a +0 falchion.
* * * LOW HITPOINT WARNING * * *
The wight is struck by your spines. The wight closely misses you.
The wight hits you with a +0 falchion.
You die...

#.. #.. #..
#.. ##..##
#....##
#..).##
#..zz.###
###†@...##
##.....###
###.....##
####........#
#.<..:Y.......
#..Y..........
#.............
#.............
#.............


You could see 2 wights.

Vanquished Creatures
  Grinder (D:3)
  Sigmund (D:3)
  5 yaks (D:6)
  A black bear (D:4)
  A necrophage (D:4)
  A gnoll sergeant (D:5)
  A scorpion (D:5)
  2 wights
  A centaur skeleton (D:4)
  A hound (D:5)
  Crazy Yiuf (D:3)
  3 iguanas
  Natasha (thrice) (D:2)
  3 gnolls (D:5)
  7 adders
  A shadow imp (D:5)
  A white imp (D:4)
  An adder skeleton (D:4)
  A worm (D:2)
  A dart slug (D:1)
  2 orcs
  7 ball pythons
  3 bats
  10 endoplasms
  5 giant cockroaches
  4 goblins
  6 hobgoblins
  3 jackals (D:2)
  3 kobolds
  3 quokkas
  5 rats
88 creatures vanquished.

Notes
Turn   | Place    | Note
-------+----------+-------------------------------------------
     0 | D:1      | Urgle the Demonspawn Berserker began the quest for the Orb.
     0 | D:1      | Reached XP level 1. HP: 18/18 MP: 1/1
   286 | D:1      | Discovered your monstrous ancestry.
   286 | D:1      | Gained mutation: You have sharp fingernails. [demonic
                  | ancestry]
   286 | D:1      | Reached XP level 2. HP: 19/24 MP: 2/2
   414 | D:1      | Found a faded altar of an unknown god.
   822 | D:2      | Gained mutation: You have a pair of small antennae on your
                  | head. [demonic ancestry]
   822 | D:2      | Reached XP level 3. HP: 27/29 MP: 3/3
  1624 | D:2      | Noticed Natasha
  1629 | D:2      | Killed Natasha
  1630 | D:2      | Gained mutation: You sometimes gain a little power by
                  | taking damage. [demonic ancestry]
  1630 | D:2      | Reached XP level 4. HP: 37/37 MP: 4/4
  1816 | D:2      | Noticed Natasha
  1832 | D:2      | Killed Natasha
  2352 | D:2      | Noticed Natasha
  2359 | D:2      | Killed Natasha
  2360 | D:2      | Reached skill level 2 in Armour
  2360 | D:2      | Reached XP level 5. HP: 42/42 MP: 5/5
  2535 | D:3      | Noticed Sigmund
  2918 | D:3      | Noticed Grinder
  2921 | D:3      | Paralysed by Grinder for 6 turns
  2936 | D:3      | Killed Grinder
  2937 | D:3      | Reached skill level 5 in Fighting
  2937 | D:3      | Gained mutation: You are partially covered in sharp spines.
                  | [demonic ancestry]
  2937 | D:3      | Reached XP level 6. HP: 14/52 MP: 6/6
  3249 | D:3      | Found Ucyasung's Magic Scroll Boutique.
  3257 | D:3      | Bought a scroll of identify for 26 gold pieces
  3257 | D:3      | Bought a scroll of identify for 26 gold pieces
  3387 | D:3      | Found a runed translucent door.
  3388 | D:3      | Noticed Crazy Yiuf
  3394 | D:3      | Killed Crazy Yiuf
  3774 | D:3      | Killed Sigmund
  3775 | D:3      | Reached skill level 5 in Axes
  3775 | D:3      | Gained mutation: You have very sharp fingernails. [demonic
                  | ancestry]
  3775 | D:3      | Reached XP level 7. HP: 58/58 MP: 7/7
  3925 | D:4      | Found Vekio's Weapon Emporium.
  3991 | D:4      | Reached ** piety under Trog
  4193 | D:4      | Reached skill level 3 in Armour
  4937 | D:5      | Entered Level 5 of the Dungeon
  4958 | D:5      | Reached skill level 4 in Armour
  5069 | D:5      | Gained mutation: You have a small tail. [demonic ancestry]
  5069 | D:5      | Reached XP level 8. HP: 64/64 MP: 8/8
  5191 | D:5      | Found a staircase to the Ecumenical Temple.
  5320 | D:5      | Reached skill level 5 in Armour
  5603 | D:6      | Reached skill level 6 in Armour
  5607 | D:6      | Reached skill level 7 in Armour
  5612 | D:6      | Gained mutation: You are somewhat resistant to further
                  | mutation. [potion of mutation]
  5612 | D:6      | Gained mutation: You are resistant to electric shocks.
                  | (rElec) [potion of mutation]
  5613 | D:6      | Slain by a wight

Illustrated notes

Levels and vault maps discovered:
D:1:      lemuel_arrival_room, layout_rooms, hellmonk_ecumenical_altar_run_dry
D:2:      layout_loops_corners, basic_altar, uniq_natasha
D:3:      layout_rooms, serial_shops, shop, uniq_sigmund,
          uniq_crazy_yiuf_cottage, uniq_grinder
D:4:      layout_cave_pods, nicolae_inconvenience_store,
          kennysheep_generic_room_9
D:5:      layout_basic, minmay_temple_entry_purple_smoke
D:6:      layout_cave_pods, amcnicky_altar_gilded, serial_shops,
          nicolae_diamond_shop

Skill      XL: |  1  2  3  4  5  6  7  8 |
---------------+-------------------------+-----
Axes           | 3 4 5 6 |  6.1
Fighting       | 4 5 6 |  6.0
Armour         | 2 4 7 |  7.9
Dodging        | |  1.8

Action                   |  1- 3 |  4- 6 |  7- 9 || total
-------------------------+-------+-------+-------++-------
Melee: Hand axe          |   110 |    69 |    26 ||   205
       Battleaxe         |       |       |    38 ||    38
       Tailslap          |       |       |     2 ||     2
Invok: Berserk           |     7 |     7 |     3 ||    17
  Use: Scroll            |     1 |     6 |     2 ||     9
       Potion            |       |       |     2 ||     2
 Stab: Sleeping          |     2 |       |     1 ||     3
Armor: Animal skin       |    26 |    10 |     9 ||    45
       Chain mail        |       |       |    15 ||    15
Dodge: Dodged            |    80 |    28 |    38 ||   146

Table legend: (Time is in decaauts)
 A = Elapsed time spent in this place.
 B = Non-inter-level travel time spent in this place.
 C = Inter-level travel time spent in this place.
 D = Time resting spent in this place.
 E = Time spent auto-exploring this place.
 F = Levels seen in this place.
 G = Mean time per level.
                   A        B        C        D        E       F      G
               +--------+--------+--------+--------+--------+-----+--------+
         Total |   5817 |   5621 |    196 |   1374 |   2678 |   6 |  969.5 |
       Dungeon |   5817 |   5621 |    196 |   1374 |   2678 |   6 |  969.5 |
               +--------+--------+--------+--------+--------+-----+--------+

Top non-repeatable levels by time:
     D:2: 2262 daAuts
     D:4: 1128 daAuts
     D:3: 889 daAuts
     D:1: 843 daAuts
     D:5: 664 daAuts
     D:6: 29 daAuts
